[Event "*** Titled Tuesday Blitz"]
[Site "Chess.com"]
[Date "2020.11.10"]
[Round "4"]
[White "GelmanAlexander"]
[Black "KyrgyzFighter"]
[Result "1-0"]
[WhiteElo "2586"]
[BlackElo "2352"]
[TimeControl "180+1"]
[EndTime "10:41:10 PST"]
[Termination "GelmanAlexander won by resignation"]

1. d4 Nf6 2. Nc3 c5 3. d5 e5 4. e4 d6 5. Nf3 Be7 6. Be2 O-O 7.
O-O a6 8. a4 g6 9. a5 Ne8 10. Nd2 Ng7 11. Nc4 f5 12. Nb6 Ra7 13. Nca4 fxe4 14. Nxc8 Qxc8 15. Bg4 Qd8 16. Nb6 Bg5 17.
Ra4 Nf5 18. Rxe4 Bxc1 19. Qxc1 Nd7 20. Nxd7 Qxd7 21. f4 exf4 22. Rexf4 Raa8 23. Bxf5 Rxf5 24. Rxf5 gxf5 25. Qg5+ Kh8 26. Rxf5 Rg8 27. Qf6+ Rg7 28.
Rg5 Qe7 29. Qxg7+ Qxg7 30. Rxg7 Kxg7 31. Kf2 Kf6 32. c4 h6 33. Ke3 Ke5 34. g4 Kf6 35. Kf4 Kg6 36. h4 Kf6 37. g5+ hxg5+ 38. hxg5+ Kg6 39.
Kg4 1-0

[Event "*** Titled Tuesday Blitz"]
[Site "Chess.com"]
[Date "2020.11.10"]
[Round "4"]
[White "vladgoncharov"]
[Black "Kristina_Kim"]
[Result "1-0"]
[WhiteElo "2462"]
[BlackElo "2177"]
[TimeControl "180+1"]
[EndTime "10:41:11 PST"]
[Termination "vladgoncharov won by resignation"]

1. d4 d5 2. c4 e6 3. Nc3 a6 4.
cxd5 exd5 5. Bf4 Bd6 6. Bg3 Nf6 7. e3 Be6 8. Bd3 h6 9. Nge2 Bxg3 10. Nxg3 Nbd7 11. O-O O-O 12. a4 Re8 13. b4 Qe7 14. Qb3 c6 15. Qb2 h5 16. b5 h4 17. Nf5 Bxf5 18.
Bxf5 axb5 19. axb5 Ne4 20. Rxa8 Rxa8 21. bxc6 bxc6 22.
Bxe4 dxe4 23. Qb7 Qe8 24. Nxe4 Rc8 25. Nd6 Rb8 26. Qxc6 Qd8 27. Nf5 Rb6 28. Qe4 h3 29. gxh3 Rg6+ 30. Ng3 Nf6 31. Qf5 Nh7 32. Rc1 Ng5 33.
Rc8 1-0

[Event "*** Titled Tuesday Blitz"]
[Site "Chess.com"]
[Date "2020.11.10"]
[Round "4"]
[White "Marcin"]
[Black "PavlovDanila"]
[Result "1-0"]
[WhiteElo "2487"]
[BlackElo "2657"]
[TimeControl "180+1"]
[EndTime "10:41:13 PST"]
[Termination "Marcin won by resignation"]

1. d4 Nf6 2. c4 g6 3. Nc3 Bg7 4.
e4 d6 5. f4 O-O 6. Nf3 c5 7.
d5 e6 8. Be2 exd5 9. cxd5 Re8 10.
e5 dxe5 11. fxe5 Ng4 12. e6 fxe6 13. d6 Nc6 14. O-O Nd4 15. Ne4 Bd7 16. Bg5 Qb6 17. Nxd4 Bxd4+ 18. Kh1 Ne5 19. Qe1 Rf8 20. Qh4 Qxb2 21.
Nf6+ Rxf6 22. Bxf6 Rf8 23. Be7 Rf7 24. Rxf7 Nxf7 25.
Re1 Bc3 26. Rf1 Qxe2 27. Qf4 Bf6 28. Qxf6 Be8 29. d7 1-0

[Event "*** Titled Tuesday Blitz"]
[Site "Chess.com"]
[Date "2020.11.10"]
[Round "4"]
[White "ukchessbomber"]
[Black "IANOV0007"]
[Result "0-1"]
[WhiteElo "2238"]
[BlackElo "2437"]
[TimeControl "180+1"]
[EndTime "10:41:13 PST"]
[Termination "IANOV0007 won by resignation"]

1. d4 d6 2. c4 g6 3. e4 Bg7 4. Nc3 c5 5. d5 e6 6. Be2 Ne7 7. Nf3 a6 8. O-O O-O 9. dxe6 Bxe6 10. Bf4 Nbc6 11. Qxd6 Qa5 12. Nd5 Rfe8 13. Bd2 Rad8 14. Nxe7+ Rxe7 15. Qxe7 Qxd2 16. Rfd1 Qxd1+ 17. Bxd1 Nxe7 18.
Bb3 Nc6 19. Re1 Bxb2 20. e5 Nd4 21. Ng5 Bc3 22. Rd1 Ne2+ 23. Kf1 Rxd1+ 24. Bxd1 Nf4 25. g3 Bxc4+ 26. Kg1 Ne2+ 27. Kg2 Bxe5 28. Nf3 Bf6 29. Nd2 Bd3 30. Nb3 c4 31. Nc5 Nc3 32. Bf3 b5 33. a3 a5 34. Nb7 b4 35. Nxa5 bxa3 0-1

[Event "*** Titled Tuesday Blitz"]
[Site "Chess.com"]
[Date "2020.11.10"]
[Round "4"]
[White "Kaslask"]
[Black "zajka-molotok"]
[Result "1-0"]
[WhiteElo "2367"]
[BlackElo "2519"]
[TimeControl "180+1"]
[EndTime "10:41:15 PST"]
[Termination "Kaslask won on time"]

1. d4 Nf6 2. c4 e6 3. Nc3 Bb4 4. e3 O-O 5. Bd3 d5 6. a3 Bxc3+ 7. bxc3 b6 8. Nf3 dxc4 9. Bxc4 Bb7 10. O-O Nbd7 11. Qe2 c5 12. Rd1 Qc7 13. Bb2 Rac8 14. Bd3 c4 15. Bc2 Ne4 16. Nd2 Nxd2 17. Rxd2 f5 18. a4 Nf6 19. f3 Rfe8 20. Ba3 Qc6 21. Bb4 Nd5 22. a5 Nxb4 23. cxb4 b5 24. Kh1 a6 25.
Rdd1 Qd6 26. Rab1 g6 27. Qf2 Kg7 28. Qg3 Qxg3 29. hxg3 Rcd8 30. Kg1 Kf6 31. Kf2 h5 32. Ke2 Rh8 33. Kf2 h4 34. gxh4 Rxh4 35. Rh1 Rdh8 36. Rxh4 Rxh4 37. Re1 Rh8 38. Rd1 Rd8 39. e4 fxe4 40.
fxe4 Ke7 41. Ke2 Kd6 42. Rf1 Ke7 43. Ke3 Rh8 44. Rf2 Rh4 45. e5 Rg4 46. Bb1 Rg3+ 47. Ke2 Rb3 48. Bxg6 1-0

[Event "*** Titled Tuesday Blitz"]
[Site "Chess.com"]
[Date "2020.11.10"]
[Round "4"]
[White "Chessalary"]
[Black "tylityli"]
[Result "1-0"]
[WhiteElo "2441"]
[BlackElo "2251"]
[TimeControl "180+1"]
[EndTime "10:41:15 PST"]
[Termination "Chessalary won by resignation"]

1. e4 e5 2. Nf3 Nc6 3. Bc4 Nf6 4. d3 Be7 5. O-O O-O 6. c3 d5 7. exd5 Nxd5 8. a4 a5 9. h3 Nb6 10. Bb3 Kh8 11. Qe2 f6 12. Nbd2 Bf5 13. Ne4 Nd5 14. Be3 Nxe3 15. fxe3 Bg6 16. Rad1 Bh5 17. Ng3 Bg6 18.
Nh4 Bf7 19. Bxf7 Rxf7 20. Qh5 Kg8 21. Ne4 g6 22. Qg4 Qc8 23. Nf5 Kf8 24. Nh6 Qxg4 25.
hxg4 Rd8 26. Nxf7 Kxf7 27. Ng5+ Ke8 28. Nxh7 Rd6 29. d4 exd4 30. exd4 Kd7 31. Rde1 Nd8 32. Re4 Ne6 33. Rfe1 Bd8 34. Rxe6 Rxe6 35. Nf8+ Kd6 36. Rxe6+ Kd5 37. Re8 1-0

[Event "*** Titled Tuesday Blitz"]
[Site "Chess.com"]
[Date "2020.11.10"]
[Round "4"]
[White "XDPS"]
[Black "Bigfish1995"]
[Result "0-1"]
[WhiteElo "2802"]
[BlackElo "2980"]
[TimeControl "180+1"]
[EndTime "10:41:17 PST"]
[Termination "Bigfish1995 won by resignation"]

1. e4 e5 2. Nf3 Nc6 3. Bb5 a6 4. Ba4 Nf6 5. O-O Nxe4 6. d4 b5 7.
Bb3 d5 8. dxe5 Be6 9. Be3 Be7 10. Nc3 Nxc3 11. bxc3 O-O 12. a4 Qd7 13. Qe2 Na5 14.
Rfd1 c5 15. axb5 axb5 16. Ba2 Nb7 17. Rdb1 c4 18. Nd4 Ra5 19. f4 Rfa8 20. Rf1 Bg4 21. Qf2 Bf5 22. h3 Rxa2 23. Rxa2 Rxa2 24. g4 Be4 25. f5 Bc5 26. e6 Qe8 27. exf7+ Qxf7 28. Qf4 Bd6 29. Qf2 Be5 30. Rb1 Nd6 31. Qh4 h6 32. Qd8+ Qe8 33. Qh4 Bxc2 34. Re1 Be4 35.
g5 Rg2+ 36. Kf1 Bg3 0-1

[Event "*** Titled Tuesday Blitz"]
[Site "Chess.com"]
[Date "2020.11.10"]
[Round "4"]
[White "pedro_nascimento85"]
[Black "JoliyRoger"]
[Result "0-1"]
[WhiteElo "2001"]
[BlackElo "2377"]
[TimeControl "180+1"]
[EndTime "10:41:17 PST"]
[Termination "JoliyRoger won by resignation"]

1. d4 Nf6 2. c4 e6 3. Nc3 Bb4 4. Qc2 b6 5. a3 Bxc3+ 6. Qxc3 Bb7 7. f3 d5 8. Bg5 O-O 9. e3 Nbd7 10. Bd3 dxc4 11. Bxc4 c5 12. Ne2 Rc8 13. O-O h6 14. Bh4 cxd4 15. Qxd4 e5 16. Qd3 Qe8 17. Rac1 e4 18.
fxe4 Nxe4 19. Rfd1 Ne5 20. Qb3 Nc5 21. Qa2 Nxc4 22.
Qxc4 Ba6 23. Qc2 Qxe3+ 24. Bf2 Qxe2 25. Qxe2 Bxe2 26. Re1 Ba6 27. Re7 Nd3 28. Rxc8 Rxc8 29. g3 Nxf2 30. Kxf2 Rc2+ 31. Ke3 Rxb2 32. Rxa7 Bc4 33.
Rc7 b5 34. a4 Ra2 35. axb5 Bxb5 36. h4 Ra3+ 37. Kf4 Be2 38. Re7 Rf3+ 39. Ke4 Rf6 40. Re8+ Kh7 0-1

[Event "*** Titled Tuesday Blitz"]
[Site "Chess.com"]
[Date "2020.11.10"]
[Round "4"]
[White "MIJuanReyesRosa"]
[Black "Chuchofrio1"]
[Result "0-1"]
[WhiteElo "2131"]
[BlackElo "2326"]
[TimeControl "180+1"]
[EndTime "10:41:18 PST"]
[Termination "Chuchofrio1 won on time"]

1. d4 d5 2. c4 e6 3. Nc3 Nf6 4. Nf3 c6 5. e3 Nbd7 6. Bd3 Bd6 7. Qc2 O-O 8. b3 e5 9. cxd5 cxd5 10. dxe5 Nxe5 11. Nxe5 Bxe5 12. h3 d4 13. exd4 Bxd4 14. O-O Be6 15. Bb2 Rc8 16. Rac1 Nd5 17. Qd2 Nxc3 18. Bxc3 Bxc3 19. Rxc3 Qf6 20. Rxc8 Rxc8 21. Rc1 Rd8 22. Qe2 g6 23. Rc7 Qa1+ 24. Kh2 Qd4 25. Bc4 Qd6+ 26. g3 Qxc7 27. Bxe6 fxe6 28. Qxe6+ Qf7 29. h4 Qxe6 30. h5 Rd2 0-1

[Event "*** Titled Tuesday Blitz"]
[Site "Chess.com"]
[Date "2020.11.10"]
[Round "4"]
[White "kai_nov"]
[Black "Anna_ChessMate"]
[Result "0-1"]
[WhiteElo "2324"]
[BlackElo "2607"]
[TimeControl "180+1"]
[EndTime "10:41:21 PST"]
[Termination "Anna_ChessMate won on time"]

1. d4 d5 2. c4 c6 3. Nf3 Nf6 4. e3 Bg4 5. Qb3 Qb6 6. Nc3 e6 7. Nh4 Nbd7 8. h3 Bh5 9. g4 Bg6 10. Nxg6 hxg6 11. Bg2 dxc4 12. Qxc4 Nd5 13. e4 Nxc3 14.
bxc3 Be7 15. O-O O-O 16. Be3 Qc7 17. f4 Rac8 18. f5 gxf5 19. gxf5 e5 20. Kh1 Bf6 21.
Bf3 exd4 22. cxd4 Qg3 23. Qe2 Qxh3+ 24. Kg1 c5 25. Rf2 cxd4 26. Rh2 Qg3+ 27. Rg2 Qh4 28. Bf2 d3 29. Qxd3 Qf4 30. Bg3 Ne5 31. Bxf4 Nxd3 32.
e5 Nxf4 33. exf6 Nxg2 34. Kxg2 gxf6 35. Rg1 Rfd8 0-1

[Event "*** Titled Tuesday Blitz"]
[Site "Chess.com"]
[Date "2020.11.10"]
[Round "4"]
[White "ajedrezhoy"]
[Black "mikheeva86"]
[Result "1-0"]
[WhiteElo "2229"]
[BlackElo "1995"]
[TimeControl "180+1"]
[EndTime "10:41:21 PST"]
[Termination "ajedrezhoy won on time"]

1. g3 d5 2. Bg2 e5 3. Nf3 e4 4. Nd4 c5 5. Nb3 Nc6 6. d3 exd3 7. cxd3 Be6 8. O-O Nf6 9. Nc3 Be7 10. Bg5 c4 11.
dxc4 dxc4 12. Qxd8+ Rxd8 13. Bxc6+ bxc6 14. Na5 Rc8 15. Rac1 Bb4 16. Bxf6 gxf6 17. Ne4 Bxa5 18. Nd6+ Kd7 19. Rfd1 Kc7 20. Nxc4 Bxc4 21. Rxc4 Rcd8 22. Rdc1 Rd6 23. Kg2 Rb8 24. b3 Rb4 25. Rc5 Bb6 26. Rh5 Re4 27. e3 Rd2 28. Kf3 Re5 29. Rxh7 Rf5+ 30.
Kg4 Rdxf2 31. Rxf7+ Kd6 32. h4 Bxe3 33. Rc3 Bh6 34. Rxa7 1-0

[Event "*** Titled Tuesday Blitz"]
[Site "Chess.com"]
[Date "2020.11.10"]
[Round "4"]
[White "littleplotkin"]
[Black "Gulkov_Igor"]
[Result "1-0"]
[WhiteElo "2649"]
[BlackElo "2463"]
[TimeControl "180+1"]
[EndTime "10:41:23 PST"]
[Termination "littleplotkin won by resignation"]

1. d4 Nf6 2. Nf3 g6 3. Nc3 d5 4. Bg5 Bg7 5. e3 O-O 6. Bd3 c5 7. dxc5 Qa5 8. O-O Qxc5 9. e4 dxe4 10. Nxe4 Nxe4 11. Bxe4 Bxb2 12. Rb1 Bg7 13. Rxb7 Bxb7 14. Bxb7 Nc6 15. Qd7 Ne5 16. Nxe5 Qxe5 17. Bxa8 Qxg5 18. Qxa7 Qd2 19. Be4 e6 20. a4 Bd4 21. Qb7 Qf4 22. g3 Qe5 23. Bd3 Rb8 24. Qc6 Bc5 25. a5 Qd4 26. a6 Kg7 27. h4 h5 28. Kg2 Rb2 29. Qe4 Qxe4+ 30. Bxe4 Ra2 31. Bd3 f5 32. Rb1 e5 33. Rb7+ Kf6 34. Bc4 e4 35. Bxa2 1-0

[Event "*** Titled Tuesday Blitz"]
[Site "Chess.com"]
[Date "2020.11.10"]
[Round "4"]
[White "vladislavkovalev"]
[Black "Obito24"]
[Result "1-0"]
[WhiteElo "2863"]
[BlackElo "2587"]
[TimeControl "180+1"]
[EndTime "10:41:24 PST"]
[Termination "vladislavkovalev won by resignation"]

1. e4 e5 2. Nf3 Nc6 3. Bb5 a6 4. Ba4 Nf6 5. O-O b5 6. Bb3 Be7 7. d4 exd4 8. e5 Ne4 9. Bd5 Nc5 10. Nxd4 Bb7 11. Nf5 O-O 12. Qg4 g6 13. Re1 Ne6 14. Nc3 b4 15. Na4 a5 16. Bh6 Re8 17. Rad1 Bf8 18. Bxf8 Kxf8 19. Ng3 h5 20. Qf3 Qg5 21. Bxe6 dxe6 22. Nc5 Nxe5 23. Qxb7 h4 24. Rxe5 Qxe5 25. Nd7+ 1-0

[Event "*** Titled Tuesday Blitz"]
[Site "Chess.com"]
[Date "2020.11.10"]
[Round "4"]
[White "petrpalachev"]
[Black "GOGIEFF"]
[Result "0-1"]
[WhiteElo "2729"]
[BlackElo "2896"]
[TimeControl "180+1"]
[EndTime "10:41:25 PST"]
[Termination "GOGIEFF won by resignation"]

1. d4 Nf6 2. c4 g6 3. Nc3 Bg7 4. e4 d6 5. h3 O-O 6. Nf3 e5 7. d5 a5 8. Bd3 Na6 9. Be3 Nh5 10. g3 Qe8 11. Qe2 f5 12. Bd2 Nf6 13. exf5 gxf5 14. Nh4 e4 15. Bc2 Nb4 16. Be3 Nd7 17.
Nb5 Qd8 18. O-O-O Ne5 19. Kb1 Bd7 20. Nc3 Nbd3 21. Bxd3 exd3 22. Qd2 Nxc4 23. Qxd3 Nxe3 24. Qxe3 f4 25. Qd2 fxg3 26. fxg3 Qf6 27. Rhf1 Qxf1 28. Rxf1 Rxf1+ 29. Kc2 a4 30. Qg5 Raf8 31. Ne4 Kh8 32. g4 Re1 33. Kd3 Bb5+ 0-1

[Event "*** Titled Tuesday Blitz"]
[Site "Chess.com"]
[Date "2020.11.10"]
[Round "4"]
[White "zurzan"]
[Black "kasparicy"]
[Result "0-1"]
[WhiteElo "2048"]
[BlackElo "2382"]
[TimeControl "180+1"]
[EndTime "10:41:26 PST"]
[Termination "kasparicy won on time"]

1. f4 e5 2. fxe5 d6 3. exd6 Bxd6 4. Nf3 Nf6 5. Nc3 Ng4 6. Ne4 Nxh2 7. Nxd6+ Qxd6 8. d4 Qg3+ 9. Kd2 Ng4 10. Qe1 Nf2 11.
Rh2 Nc6 12. c3 Bg4 13. e4 Bxf3 14. gxf3 Qxh2 15. Be2 O-O-O 16. Kc2 f5 17. e5 Nh1 18. Bd2 Ng3 19. Bb5 Nxd4+ 20. cxd4 Rxd4 21. e6 c6 22. e7 Kd7 23. Bd3 Re8 24. Kc3 Rxe7 25. Be3 Rd5 26.
Rd1 f4 0-1

[Event "*** Titled Tuesday Blitz"]
[Site "Chess.com"]
[Date "2020.11.10"]
[Round "4"]
[White "Pertinhez76"]
[Black "zivicd"]
[Result "1-0"]
[WhiteElo "2103"]
[BlackElo "2231"]
[TimeControl "180+1"]
[EndTime "10:41:28 PST"]
[Termination "Pertinhez76 won by checkmate"]

1. d4 Nf6 2. Nf3 g6 3. Bf4 Bg7 4. Nc3 d5 5. Qd2 h6 6. O-O-O Nh5 7. Be3 Nd7 8. g4 Nhf6 9. h3 c6 10. Ne5 Ne4 11. Nxe4 dxe4 12. f4 exf3 13. Nxf3 a5 14. Kb1 b6 15. Bg2 Qc7 16. Bf4 Qb7 17. e4 b5 18. Rhe1 b4 19. e5 Nb6 20. e6 Bxe6 21.
Rxe6 fxe6 22. Qd3 O-O-O 23. Ne5 Bxe5 24. Bxe5 Rhf8 25. Qxg6 Qd7 26. Qxh6 Rf2 27. Be4 Nd5 28. h4 Qb7 29. Qxe6+ Rd7 30. Rh1 Re2 31. Bf5 Rxe5 32.
Qxe5 Nc3+ 33. Ka1 b3 34. cxb3 a4 35. bxc3 axb3 36. Rb1 Qa6 37. Rxb3 Qf1+ 38. Rb1 Qc4 39. Rb8# 1-0

[Event "*** Titled Tuesday Blitz"]
[Site "Chess.com"]
[Date "2020.11.10"]
[Round "4"]
[White "Margency"]
[Black "FLamps8"]
[Result "1-0"]
[WhiteElo "2694"]
[BlackElo "2495"]
[TimeControl "180+1"]
[EndTime "10:41:29 PST"]
[Termination "Margency won by resignation"]

1. e4 c6 2. d4 d5 3. exd5 cxd5 4.
c4 Nf6 5. Nc3 Nc6 6. Bg5 Be6 7.
a3 Qd7 8. Be2 O-O-O 9. c5 Ne4 10. Be3 g6 11. Nf3 Bg7 12. O-O Bg4 13. Rc1 f5 14. b4 Bxf3 15. Bxf3 e5 16. dxe5 Nxc3 17. Rxc3 d4 18. Rd3 Nxe5 19. Bg5 Nxd3 20. Qxd3 Rde8 21. Rc1 Qe6 22. g3 h6 23. Bd2 Kb8 24. c6 Rc8 25. Re1 Qf7 26. Bf4+ Rc7 27. Qb5 Ka8 28. cxb7+ Kb8 29.
Rc1 1-0

[Event "*** Titled Tuesday Blitz"]
[Site "Chess.com"]
[Date "2020.11.10"]
[Round "4"]
[White "Sergey85Rodchenkov"]
[Black "Kaua18"]
[Result "1-0"]
[WhiteElo "2460"]
[BlackElo "2291"]
[TimeControl "180+1"]
[EndTime "10:41:33 PST"]
[Termination "Sergey85Rodchenkov won by resignation"]

1. e4 c5 2. Nf3 Nc6 3. d4 cxd4 4. Nxd4 Nf6 5. Nc3 e5 6. Nb3 Bb4 7. Bc4 O-O 8. O-O Bxc3 9. bxc3 Nxe4 10. Ba3 d6 11.
Qd3 Bf5 12. Rae1 Ne7 13. Rxe4 d5 14. Bxe7 Qxe7 15. Bxd5 Rfd8 16. c4 Rac8 17. f4 Bxe4 18. Qxe4 Rf8 19. fxe5 b6 20. Nd4 Rce8 21. e6 f6 22. h3 Kh8 23. Kh1 Qa3 24. Qg4 Qxa2 25. Nf5 g6 26. Nd6 Re7 27. Nf7+ Kg7 28. Qf4 Qb2 29. Rf3 b5 30. c3 Qb1+ 31. Kh2 h5 32.
Qxf6+ Kh7 33. Ng5+ Kh6 34. Qxf8+ 1-0

[Event "*** Titled Tuesday Blitz"]
[Site "Chess.com"]
[Date "2020.11.10"]
[Round "4"]
[White "Tomekas1"]
[Black "DenLaz"]
[Result "0-1"]
[WhiteElo "2441"]
[BlackElo "2750"]
[TimeControl "180+1"]
[EndTime "10:41:34 PST"]
[Termination "DenLaz won by checkmate"]

1. e4 e5 2. Nf3 Nc6 3. Bc4 Bc5 4. O-O Nf6 5. d4 Bxd4 6. Nxd4 Nxd4 7. f4 d6 8. fxe5 dxe5 9. Bg5 Qe7 10. c3 Ne6 11. Bxf6 gxf6 12. Na3 Rg8 13. Bxe6 Bxe6 14. Qf3 Rg6 15.
Qe3 Kf8 16. Rad1 Kg7 17. g3 h5 18. Kh1 Rh8 19. Qxa7 Bh3 20. Rf2 Qe6 21. Qe3 Qxa2 22.
Nb5 Qa4 23. Qd3 h4 24. gxh4 Rxh4 25. Re1 Qa6 26. c4 Qc6 27. Qd5 Rhg4 28. Qxc6 bxc6 29. Nxc7 Bg2+ 30. Rxg2 Rxg2 31. b4 Rb2 32. b5 cxb5 33. cxb5 Rgg2 34. Rc1 Rxh2+ 35. Kg1 Rhg2+ 36. Kh1 Rgd2 37. Rc6 Rd1# 0-1

[Event "*** Titled Tuesday Blitz"]
[Site "Chess.com"]
[Date "2020.11.10"]
[Round "4"]
[White "Nuvas"]
[Black "petrkostenko"]
[Result "1-0"]
[WhiteElo "2336"]
[BlackElo "2449"]
[TimeControl "180+1"]
[EndTime "10:41:34 PST"]
[Termination "Nuvas won by resignation"]

1. d4 e6 2. c4 b6 3. e4 Bb4+ 4. Nc3 Bb7 5. Bd3 f5 6. Qc2 Nf6 7. f3 Nc6 8. Ne2 fxe4 9. fxe4 e5 10. O-O exd4 11. Nd5 Be7 12. a3 O-O 13. b4 d6 14.
Bb2 Ne5 15. Nxd4 Qd7 16. Nf5 Nxd5 17. exd5 Bf6 18. Be4 g6 19. Nd4 Bh8 20. Ne6 Rxf1+ 21. Rxf1 c6 22. Qf2 Qe7 23. Bxe5 Bxe5 24. dxc6 Ba6 25.
c7 Rc8 26. Bd5 Kh8 27. Qf7 Qxf7 28. Rxf7 b5 29. Rd7 bxc4 30. Rd8+ 1-0

[Event "*** Titled Tuesday Blitz"]
[Site "Chess.com"]
[Date "2020.11.10"]
[Round "4"]
[White "amiralfio"]
[Black "Vamostodorecto"]
[Result "0-1"]
[WhiteElo "2520"]
[BlackElo "2363"]
[TimeControl "180+1"]
[EndTime "10:41:35 PST"]
[Termination "Vamostodorecto won by resignation"]

1. d4 Nf6 2. Bf4 g6 3. Nc3 Bg7 4. e4 d6 5. Qd2 O-O 6. f3 Nbd7 7. O-O-O a6 8. h4 c5 9. d5 h5 10. Nh3 b5 11. Bh6 Qa5 12. Bxg7 Kxg7 13. Kb1 b4 14.
Ne2 c4 15. Nd4 c3 16. Nc6 Qc5 17. Qd4 e5 18. Qxb4 cxb2 19. Qxc5 Nxc5 20. Kxb2 Bd7 21. Bc4 Rfc8 22. Ng5 Ne8 23. Na5 Na4+ 24. Ka3 Rc5 25. Ne6+ Bxe6 26. dxe6 Rxa5 27. exf7 Rb8 28. fxe8=Q Nc3+ 0-1

[Event "*** Titled Tuesday Blitz"]
[Site "Chess.com"]
[Date "2020.11.10"]
[Round "4"]
[White "ftorodent"]
[Black "chenxiaoyuer"]
[Result "0-1"]
[WhiteElo "2686"]
[BlackElo "2518"]
[TimeControl "180+1"]
[EndTime "10:41:36 PST"]
[Termination "chenxiaoyuer won by resignation"]

1. d4 Nf6 2. c4 g6 3. Nc3 Bg7 4. e4 d6 5. Nf3 O-O 6. Be2 e5 7. Be3 exd4 8. Nxd4 Re8 9. f3 c6 10. O-O d5 11. cxd5 Nxd5 12. Bf2 Nf4 13. Kh1 Qg5 14.
g3 Nh3 15. Nc2 Nxf2+ 16. Rxf2 Qc5 17. Qe1 b5 18. Rc1 Be6 19. a3 Qb6 20. Nb4 Bd4 21. Nd3 Bxf2 22. Nxf2 Nd7 23. f4 Nc5 24. f5 Nb3 25.
Rd1 Bc4 26. Bxc4 bxc4 27. Ng4 Red8 28. e5 Rxd1 29. Qxd1 Rd8 30. Qe1 Qd4 31. Nh6+ Kg7 32. f6+ Kxh6 33. e6 Qxf6 34. e7 Re8 0-1

[Event "*** Titled Tuesday Blitz"]
[Site "Chess.com"]
[Date "2020.11.10"]
[Round "4"]
[White "VinzentSpitzl"]
[Black "elisak43"]
[Result "0-1"]
[WhiteElo "2308"]
[BlackElo "2517"]
[TimeControl "180+1"]
[EndTime "10:41:36 PST"]
[Termination "elisak43 won on time"]

1. e4 Nf6 2. Nc3 d5 3. exd5 Nxd5 4. Nxd5 Qxd5 5. Nf3 Nc6 6. Be2 e5 7. d3 Bf5 8. O-O O-O-O 9. Be3 Bc5 10. Bxc5 Qxc5 11. Qc1 f6 12. Qe3 Qxe3 13. fxe3 e4 14. dxe4 Bxe4 15. c3 Bxf3 16. Bxf3 Ne5 17. Rf2 c6 18. h3 Kc7 19. Re2 Rhe8 20. Rae1 Nd3 21. Rd1 Ne5 22. Rde1 a5 23. a3 a4 24. Be4 h6 25. Bc2 b5 26. Bb1 Kb6 27. Kf2 Kc5 28. Kf1 Nd3 29.
Bxd3 Rxd3 30. Kf2 Re4 31. Kf3 f5 32. g4 Re5 33. Kf4 Rdd5 34. Rg1 g5+ 35. Kf3 Kc4 36.
gxf5 Rxf5+ 37. Kg4 Rfe5 38. Kh5 Rd6 39. Rf1 Rde6 40.
Rf3 Kd3 41. Kg4 Kxe2 0-1

[Event "*** Titled Tuesday Blitz"]
[Site "Chess.com"]
[Date "2020.11.10"]
[Round "4"]
[White "Meri-Arabidze"]
[Black "Bastiandash"]
[Result "1-0"]
[WhiteElo "2615"]
[BlackElo "2360"]
[TimeControl "180+1"]
[EndTime "10:41:38 PST"]
[Termination "Meri-Arabidze won by resignation"]

1. d4 Nf6 2. c4 e6 3. Nf3 Bb4+ 4. Nc3 O-O 5. e3 b6 6. Bd3 Bb7 7. O-O Bxc3 8. bxc3 Ne4 9. Qc2 f5 10. c5 bxc5 11. Rb1 Bc6 12. Ne5 Qh4 13. f3 Nf6 14. Nxc6 Nxc6 15. Ba3 Rab8 16. Bxc5 d6 17. Ba3 Nd5 18.
Qd2 f4 19. e4 Ne3 20. Rfc1 Qg5 21. e5 dxe5 22. Bxf8 Rxf8 23. Be4 Ne7 24. Rb7 exd4 25. cxd4 N7d5 26. Bxd5 Nxd5 27. Rxa7 Rb8 28. Qe2 Qf6 29. Qe5 Qg6 30. Qe4 Qf6 31. Ra6 Kf7 32. Rac6 Rb7 33. a4 h5 34. a5 h4 35. a6 Ra7 36. h3 Nb4 37. Rxc7+ Rxc7 38. Rxc7+ Ke8 39. Qa8+ 1-0

[Event "*** Titled Tuesday Blitz"]
[Site "Chess.com"]
[Date "2020.11.10"]
[Round "4"]
[White "dosto07"]
[Black "MillyNeuf"]
[Result "1/2-1/2"]
[WhiteElo "2328"]
[BlackElo "2463"]
[TimeControl "180+1"]
[EndTime "10:41:38 PST"]
[Termination "Game drawn by repetition"]

1. e4 c5 2. Nf3 d6 3. Bb5+ Bd7 4. Bxd7+ Qxd7 5. O-O Nf6 6. Re1 Nc6 7. c3 e6 8. d4 cxd4 9. cxd4 d5 10. e5 Ne4 11. Nbd2 Nxd2 12. Bxd2 Be7 13. Rc1 Rc8 14. Rc3 O-O 15. a3 a6 16. Rd3 b5 17. h4 b4 18. h5 bxa3 19. bxa3 Rb8 20. h6 g6 21. Nh2 Rb5 22. Ng4 Rfb8 23. Qf3 Qd8 24. Qf4 Rb3 25. Ree3 Bg5 26. Nf6+ Bxf6 27. Rxb3 Bg5 28. Rxb8 Nxb8 29. Qg3 Bxe3 30. Bxe3 Nc6 31. Bg5 Qb6 32. Qc3 Qxd4 33. Qxc6 Qd1+ 34. Kh2 Qh5+ 35. Kg1 Qd1+ 36. Kh2 Qh5+ 37. Kg1 Qd1+ 1/2-1/2

[Event "*** Titled Tuesday Blitz"]
[Site "Chess.com"]
[Date "2020.11.10"]
[Round "4"]
[White "natelleka"]
[Black "KetiGrant"]
[Result "0-1"]
[WhiteElo "2162"]
[BlackElo "2401"]
[TimeControl "180+1"]
[EndTime "10:41:39 PST"]
[Termination "KetiGrant won by resignation"]

1. e4 c5 2. Nf3 Nc6 3. d4 cxd4 4. Nxd4 e5 5. Nb5 d6 6. c4 Be7 7. Be2 Nf6 8. N1c3 a6 9. Na3 Be6 10. Be3 Rc8 11. Rc1 O-O 12. O-O Na5 13. Nd5 Bxd5 14.
exd5 b6 15. f4 Nd7 16. fxe5 Nxe5 17. Qd4 Rb8 18. b4 Nb7 19. Qxb6 Qd7 20. Qd4 Qa4 21.
Rc3 Qxb4 22. Nc2 Qc5 23. Qe4 Qc7 24. Nd4 Nc5 25. Qc2 g6 26. h3 Rfe8 27. Bf4 Bf8 28. Rg3 Qb6 29. Kh2 Bg7 30. Nf5 gxf5 31. Bh6 Ng6 32.
Bxg7 Kxg7 33. Rxf5 Ne4 34. Re3 Qxe3 0-1

[Event "*** Titled Tuesday Blitz"]
[Site "Chess.com"]
[Date "2020.11.10"]
[Round "4"]
[White "LubovMarkelova"]
[Black "monalize"]
[Result "0-1"]
[WhiteElo "2221"]
[BlackElo "2305"]
[TimeControl "180+1"]
[EndTime "10:41:39 PST"]
[Termination "monalize won by checkmate"]

1. Nf3 c5 2. c4 Nc6 3. Nc3 b6 4. g3 Bb7 5. Bg2 e6 6. O-O Nf6 7. e4 d6 8. d4 cxd4 9. Nxd4 Nxd4 10.
Qxd4 Be7 11. Bg5 O-O 12. Rad1 Qc7 13. Nb5 Qc6 14. b3 Rfd8 15. Qd3 a6 16. Nd4 Qc7 17. f4 Rac8 18. Qe2 h6 19. Bh4 Ne8 20. Bxe7 Qxe7 21.
f5 exf5 22. Nxf5 Qe5 23. Qg4 Kh8 24. Nxh6 gxh6 25. Rxf7 Ng7 26. Rxb7 Rg8 27. Rxb6 Qc5+ 28. Kh1 Qxb6 29. Rd5 Qf2 30. h3 Qe1+ 31. Kh2 Nf5 32. Qxf5 Qxg3+ 33. Kh1 Qxg2# 0-1

[Event "*** Titled Tuesday Blitz"]
[Site "Chess.com"]
[Date "2020.11.10"]
[Round "4"]
[White "riddhi_07"]
[Black "Shushik"]
[Result "0-1"]
[WhiteElo "1748"]
[BlackElo "2237"]
[TimeControl "180+1"]
[EndTime "10:41:39 PST"]
[Termination "Shushik won by resignation"]

1. e4 e5 2. Nf3 Nc6 3. Bb5 Nf6 4.
O-O Nxe4 5. d4 Nd6 6. Re1 Nxb5 7. Nxe5 Be7 8. Qh5 O-O 9. Re3 Nxe5 10. Rh3 h6 11.
Bxh6 Ng6 12. Bxg7 Kxg7 13. Qh7+ Kf6 14. Rf3+ Ke6 15. d5+ Kd6 16. c4 Nd4 17. c5+ Kxc5 18. b4+ Kb6 19. Rc3 Ne2+ 20. Kf1 Nxc3 21. Nxc3 c6 22. Qg7 Bf6 23. Na4+ Kc7 24. d6+ Kb8 25. Qh6 Bxa1 26. Qe3 Qf6 27. Nc5 Qd4 28. Qe7 Qd1+ 29. Qe1 Qxe1+ 30. Kxe1 b6 31. Nxd7+ Bxd7 0-1

[Event "*** Titled Tuesday Blitz"]
[Site "Chess.com"]
[Date "2020.11.10"]
[Round "4"]
[White "UmarovSabir"]
[Black "ZenBull"]
[Result "1-0"]
[WhiteElo "2308"]
[BlackElo "2126"]
[TimeControl "180+1"]
[EndTime "10:41:39 PST"]
[Termination "UmarovSabir won by checkmate"]

1. e4 c5 2. a3 e6 3. b4 cxb4 4. axb4 Bxb4 5. c3 Be7 6. d4 d6 7.
Qg4 Bf6 8. Nf3 e5 9. Qg3 Nc6 10. d5 Nce7 11. Be3 Ng6 12. Bb5+ Bd7 13. Bxd7+ Qxd7 14. Rxa7 Rxa7 15. Bxa7 Qa4 16. Be3 Qxe4 17. O-O Qxd5 18. c4 Qxc4 19. Rc1 Qe6 20. h4 N8e7 21. h5 Nf8 22. Nc3 Nd7 23. Ng5 Qf5 24. Nb5 Bxg5 25.
Nxd6+ Kf8 26. Nxf5 Bxe3 27. Nxe3 g6 28. h6 f6 29. Rc7 Ke8 30. Qh3 f5 31. Qf3 e4 32.
Qd1 Ne5 33. Qd6 N5c6 34. Nd5 Nxd5 35. Qxd5 Rf8 36. Qd7# 1-0